[Event "ICCopen2017"]
[Site "Internet Chess Club"]
[Date "2017.03.25"]
[Round "3"]
[White "Zephyr"]
[Black "BronStorm"]
[Result "1-0"]
[ICCResult "Black forfeits on time"]
[WhiteElo "1497"]
[BlackElo "1868"]
[Opening "Nimzo-Indian: Reshevsky variation"]
[ECO "E46"]
[NIC "NI.10"]
[Time "14:28:45"]
[TimeControl "180+0"]

1. d4 Nf6 2. c4 e6 3. Nc3 Bb4 4. e3 O-O 5. Ne2 Re8 6. g3 d5 7. a3 Bf8 8.
cxd5 exd5 9. Bg2 c6 10. O-O Bf5 11. b4 b5 12. a4 bxa4 13. Nxa4 Bxb4 14. Qb3
a5 15. Ba3 Na6 16. Rfc1 Rc8 17. Nc5 Nxc5 18. dxc5 Bxa3 19. Rxa3 Bd7 20. Rca1
Ra8 21. Qc3 Ne4 22. Bxe4 dxe4 23. Rxa5 Rc8 24. Nf4 Bg4 25. h3 Bf3 26. Kh2 g6
27. Ra7 h5 28. Rb7 Re7 29. Rxe7 Qxe7 30. Ng2 Rd8 31. Nh4 Qd7 32. Nxf3 exf3
33. Qf6 Qd5 34. h4 Rf8 35. Ra7 Qxc5 36. Kh3 Qxa7 37. Qe7 Qxe7 38. Kh2 Qe6
39. Kg1 Qg4 40. Kh2 {Black forfeits on time} 1-0

[Event "ICCopen2017"]
[Site "Internet Chess Club"]
[Date "2017.03.25"]
[Round "3"]
[White "padrino"]
[Black "sacov"]
[Result "0-1"]
[ICCResult "White forfeits on time"]
[WhiteElo "2690"]
[BlackElo "2141"]
[Opening "QGD: Tarrasch, Prague variation, 9.Bg5"]
[ECO "D34"]
[NIC "TD.03"]
[Time "14:28:48"]
[TimeControl "180+0"]

1. d4 d5 2. c4 e6 3. Nc3 c5 4. cxd5 exd5 5. Nf3 Nc6 6. g3 Nf6 7. Bg2 Be7 8.
O-O O-O 9. Bg5 cxd4 10. Nxd4 h6 11. Bf4 Qb6 12. Nb3 Rd8 13. Na4 Qb5 14. Nd4
Nxd4 15. Qxd4 Be6 16. Nc3 Qxb2 17. Rab1 Qa3 18. Rxb7 Bc5 19. Qd3 Rac8 20.
Be5 Ng4 21. Bd4 Nxf2 22. Rxf2 Bxd4 23. Qxd4 Rxc3 24. Rxa7 Rc1+ 25. Rf1 Rxf1+
26. Bxf1 Qc1 27. Kf2 Rb8 28. Qe3 Qa1 29. Bg2 Rb2 30. Ra8+ Kh7 31. Qd3+ g6
32. a3 d4 33. Bf3 Rb3 34. Qe4 Rxa3 35. Rxa3 Qxa3 36. Qxd4 Qc1 37. h4 Qc7 38.
h5 Qe7 39. hxg6+ fxg6 40. Qe5 Qf7 41. Kg2 Bf5 42. Qf4 Qd7 43. Qe5 Qe6 44.
Qf4 g5 45. Qd4 g4 46. Bd5 Qxe2+ 47. Kg1 Qe1+ 48. Kg2 Qe2+ 49. Qf2 Be4+ 50.
Bxe4+ Qxe4+ 51. Kh2 Kg6 52. Qb2 Qf5 53. Qb6+ Kh5 54. Qd4 Qg5 55. Qf2 Qg6 56.
Kg1 Qg5 57. Qh2+ Kg6 58. Qc2+ Qf5 59. Qc6+ Kg5 60. Qc1+ Kg6 61. Qe1 Qf6 62.
Qe4+ Kg7 63. Qc6 Qf7 64. Qd7 Kg8 65. Qe6 Kf8 66. Qxf7+ Kxf7
{White forfeits on time}
0-1

[Event "ICCopen2017"]
[Site "Internet Chess Club"]
[Date "2017.03.25"]
[Round "3"]
[White "Darnoc"]
[Black "Spirals"]
[Result "1-0"]
[ICCResult "Black checkmated"]
[WhiteElo "2913"]
[BlackElo "2188"]
[Opening "QGD: exchange, positional line"]
[ECO "D35"]
[NIC "QO.16"]
[Time "14:28:54"]
[TimeControl "180+0"]

1. d4 d5 2. c4 e6 3. Nc3 Nf6 4. cxd5 exd5 5. Bg5 Nbd7 6. e3 Be7 7. Bd3 c6 8.
Qc2 h6 9. Bh4 O-O 10. Nf3 Re8 11. O-O Ne4 12. Bxe7 Qxe7 13. b4 a6 14. a4
Qxb4 15. Nxe4 dxe4 16. Bxe4 Nf6 17. Bd3 Qe7 18. Rab1 Be6 19. Ne5 Rad8 20.
Rfc1 Bc8 21. Bxa6 bxa6 22. Nxc6 Qd6 23. Nxd8 Rxd8 24. Qc7 Qxc7 25. Rxc7 Be6
26. a5 Ra8 27. Rcb7 Kf8 28. f3 Bc4 29. e4 Bb5 30. Rc1 Ne8 31. d5 Rd8 32. Kf2
g5 33. Ke3 Nd6 34. Rbc7 Ne8 35. Rc8 Rxc8 36. Rxc8 Ke7 37. Kd4 f6 38. Kc5 Kd7
39. Ra8 Nc7 40. Rh8 Ne8 41. Rh7+ Kd8 42. Rxh6 Ke7 43. g3 Kf7 44. h4 gxh4 45.
Rxh4 Ng7 46. g4 Ne8 47. f4 Ng7 48. e5 fxe5 49. fxe5 Kg6 50. Rh8 Ne8 51. Rf8
Ng7 52. e6 Kg5 53. Kd6 Kxg4 54. Rg8 Kf5 55. Rxg7 Ke4 56. Rb7 Kd4 57. Rxb5
axb5 58. a6 b4 59. a7 b3 60. a8=Q b2 61. Qa2 Kc3 62. Qb1 Kb3 63. e7 Kc3 64.
e8=Q Kb3 65. Qb5+ Kc3 66. Q1xb2# {Black checkmated} 1-0

[Event "ICCopen2017"]
[Site "Internet Chess Club"]
[Date "2017.03.25"]
[Round "3"]
[White "Fight-Chess"]
[Black "GrandPatzer5"]
[Result "1-0"]
[ICCResult "Black checkmated"]
[WhiteElo "1661"]
[BlackElo "1920"]
[Opening "KP: Nimzovich defense"]
[ECO "B00"]
[NIC "VO.05"]
[Time "14:29:02"]
[TimeControl "180+0"]

1. e4 Nc6 2. Nf3 d6 3. d4 Nf6 4. Nc3 g6 5. Be3 Bg7 6. h3 O-O 7. Be2 e5 8. d5
Ne7 9. O-O Nh5 10. Qd2 f5 11. Bh6 f4 12. Bxg7 Kxg7 13. Nh2 Nf6 14. Bf3 g5
15. Qe2 Qe8 16. Ng4 h5 17. Nxf6 Rxf6 18. Bxh5 Qh8 19. Bg4 Rh6 20. Nb5 Rh4
21. Bxc8 Rxc8 22. f3 a6 23. Na3 Ng6 24. c4 Rg8 25. b4 Kf6 26. c5 Ne7 27. Kf2
Ng6 28. cxd6 cxd6 29. Nc4 g4 30. fxg4 f3 31. Qxf3+ Nf4 32. Ke3 Kg6 33. Nxd6
Rf8 34. Nf5 Qf6 35. Nxh4+ Qxh4 36. Kd2 Qg5 37. Kc3 Qf6 38. Kb3 Rc8 39. Rac1
Qd8 40. g3 Rxc1 41. Rxc1 Qb6 42. gxf4 Qd4 43. f5+ Kf6 44. g5+ Kxg5 45. Qg4+
Kf6 46. Qg6+ Ke7 47. Rc7+ Kd8 48. Qd6+ Ke8 49. Qe7# {Black checkmated} 1-0

[Event "ICCopen2017"]
[Site "Internet Chess Club"]
[Date "2017.03.25"]
[Round "3"]
[White "canary2016"]
[Black "star-night"]
[Result "1-0"]
[ICCResult "Black forfeits on time"]
[WhiteElo "1103"]
[BlackElo "1899"]
[Opening "French: Tarrasch"]
[ECO "C03"]
[NIC "FR.14"]
[Time "14:29:05"]
[TimeControl "180+0"]

1. e4 e6 2. d4 d5 3. Nd2 Be7 4. c3 c5 5. Ngf3 Nf6 6. e5 Nfd7 7. Be2 Nc6 8.
O-O g5 9. h3 h5 10. Nb3 g4 11. hxg4 hxg4 12. Nh2 g3 13. fxg3 c4 14. Nd2
Ndxe5 15. dxe5 Bc5+ 16. Kh1 Nxe5 17. Nf3 Ng4 18. Bf4 Rxh2+ 19. Nxh2 Nxh2 20.
Kxh2 Qf6 21. g4 Qh8+ 22. Kg3 Bd7 23. Rh1 Qg8 24. Bf3 {Black forfeits on
time} 1-0

[Event "ICCopen2017"]
[Site "Internet Chess Club"]
[Date "2017.03.25"]
[Round "3"]
[White "ol4ik"]
[Black "Irenaeus"]
[Result "1-0"]
[ICCResult "Black forfeits on time"]
[WhiteElo "2155"]
[BlackElo "1711"]
[Opening "Ruy Lopez: fianchetto (Smyslov/Barnes) defense"]
[ECO "C60"]
[NIC "RL.03"]
[Time "14:28:58"]
[TimeControl "180+0"]

1. e4 e5 2. Nf3 Nc6 3. Bb5 g6 4. O-O Bg7 5. c3 Nge7 6. d4 exd4 7. cxd4 d5 8.
e5 O-O 9. h3 f6 10. Re1 a6 11. Ba4 fxe5 12. dxe5 h6 13. Nc3 Kh7 14. Bc2 Bf5
15. a3 Bxc2 16. Qxc2 Rf5 17. e6 Qd6 18. Nh4 Re5 19. Be3 Qxe6 20. Nf3 Qf5 21.
Qb3 Re6 22. Qxb7 Re8 23. Bc5 d4 24. Na4 Nd5 25. Qxa6 Rxe1+ 26. Nxe1 Ne5 27.
Bxd4 Nf4 28. Bxe5 Rxe5 29. Nf3 Re2 30. Re1 Rxe1+ 31. Nxe1 Qe4 32. Nf3 Qb1+
33. Kh2 Qd1 34. Qc4 c5 35. Nxc5 {Black forfeits on time} 1-0

[Event "ICCopen2017"]
[Site "Internet Chess Club"]
[Date "2017.03.25"]
[Round "3"]
[White "Falstaf"]
[Black "manusupergm2001"]
[Result "1-0"]
[ICCResult "Black checkmated"]
[WhiteElo "2892"]
[BlackElo "2180"]
[Opening "Sicilian: Nimzovich-Rossolimo attack (without ...d6)"]
[ECO "B30"]
[NIC "SI.31"]
[Time "14:28:37"]
[TimeControl "180+0"]

1. e4 c5 2. Nf3 Nc6 3. Bb5 e6 4. Bxc6 bxc6 5. d3 g6 6. Bd2 Bg7 7. Bc3 Bxc3+
8. Nxc3 d6 9. e5 dxe5 10. Nxe5 Ne7 11. Qe2 Rb8 12. O-O-O O-O 13. h4 Qc7 14.
h5 f6 15. Nc4 g5 16. Ne4 Rb5 17. a4 Rb4 18. b3 Nd5 19. Qd2 Ba6 20. Nxc5 Bxc4
21. dxc4 Nb6 22. Qd6 Qxd6 23. Rxd6 Kf7 24. Nd3 Nxc4 25. bxc4 Rxc4 26. Rd7+
Ke8 27. Rxa7 e5 28. Rd1 Rf7 29. Ra8+ Ke7 30. Nb2 Rf4 31. f3 Ke6 32. Rad8 g4
33. fxg4 Rxg4 34. R1d2 e4 35. a5 e3 36. Re2 Re4 37. Rd3 Ra7 38. Rdxe3 Rxe3
39. Rxe3+ Kf5 40. Ra3 Kg5 41. a6 f5 42. Nc4 Kxh5 43. Ne5 Kg5 44. Nxc6 Ra8
45. a7 f4 46. Ne5 Kf5 47. Nd7 f3 48. gxf3 h5 49. Nb6 h4 50. Nxa8 h3 51. Kb2
h2 52. Ra1 Kf4 53. Rh1 Ke5 54. Rxh2 Kd6 55. Rh6+ Kc5 56. Nc7 Kc4 57. a8=Q
Kb4 58. Qb7+ Kc5 59. Qb5+ Kd4 60. Qd5+ Ke3 61. Re6+ Kf2 62. f4 Kg3 63. f5
Kf2 64. f6 Kg3 65. f7 Kg4 66. f8=Q Kh3 67. Qh5+ Kg2 68. Rg6# {Black
checkmated} 1-0

[Event "ICCopen2017"]
[Site "Internet Chess Club"]
[Date "2017.03.25"]
[Round "3"]
[White "arnav311004"]
[Black "GulkovIgor"]
[Result "0-1"]
[ICCResult "White forfeits on time"]
[WhiteElo "1652"]
[BlackElo "2375"]
[Opening "Réti: King's Indian attack"]
[ECO "A05"]
[NIC "KI.79"]
[Time "14:29:02"]
[TimeControl "180+0"]

1. Nf3 Nf6 2. g3 g6 3. Bg2 Bg7 4. O-O O-O 5. c4 d6 6. d4 Nbd7 7. b3 e5 8.
dxe5 dxe5 9. Bb2 e4 10. Nd4 Re8 11. e3 c6 12. Nc3 Qe7 13. Qc2 Nf8 14. a4 h5
15. Ba3 Qe5 16. Rad1 N8h7 17. Nde2 h4 18. Bd6 Qg5 19. Nxe4 Nxe4 20. Bxe4 Bh3
21. Rfe1 hxg3 22. hxg3 Nf6 23. Bf3 Bg4 24. Bf4 Qh5 25. Bg2 Bf3 26. Bxf3 Qxf3
27. Nd4 Qh5 28. Kg2 Ne4 29. Rh1 Qa5 30. Bh6 Bf6 31. Rh2 Rad8 32. Rdh1 Qc3
33. Qxc3 Nxc3 34. Nf3 Ne4 35. Bf4 Rd3 36. b4 Rc3 37. c5 Rc4 38. b5 Rxa4 39.
bxc6 bxc6 40. Bd6 a5 41. Rb1 Ra2 42. Kg1 a4 43. Nd4 Bxd4 44. exd4 Nd2 45.
Be5 Nf3+ 46. Kg2 Nxh2 47. Kxh2 Rxf2+ 48. Kg1 Rc2 49. Ra1 Rxe5 50. dxe5 Rxc5
51. Rxa4 Rxe5 52. Rc4 c5 53. Kf2 f6 54. Kf3 Kf7 55. Ra4 Ke6 56. Ra6+ Kf5 57.
Rc6 Rd5 58. Kf2 Ke5 59. Kf3 g5 60. Kg4 Rd4+ 61. Kh5 c4 62. g4 Kd5 63. Kg6
Kxc6 64. Kxf6 c3 65. Kxg5 c2 {White forfeits on time} 0-1

[Event "ICCopen2017"]
[Site "Internet Chess Club"]
[Date "2017.03.25"]
[Round "3"]
[White "Ticktockman"]
[Black "ivancele"]
[Result "1/2-1/2"]
[ICCResult "Black ran out of time and White has no material to mate"]
[WhiteElo "1080"]
[BlackElo "1446"]
[Opening "Réti opening"]
[ECO "A04"]
[NIC "QP.11"]
[Time "14:28:55"]
[TimeControl "180+0"]

1. Nf3 d6 2. e4 Nf6 3. d3 c6 4. g3 g6 5. Bg2 Bg7 6. O-O Qc7 7. Nbd2 b5 8. b3
Bb7 9. Bb2 Nbd7 10. a4 a6 11. axb5 axb5 12. Rxa8+ Bxa8 13. Qa1 O-O 14. b4 e5
15. c4 Bb7 16. cxb5 cxb5 17. Qc1 Rc8 18. Qxc7 Rxc7 19. Rc1 Rxc1+ 20. Bxc1
Nb6 21. Ba3 Na4 22. Nb1 Nd7 23. Nfd2 Kf8 24. Nb3 Ke7 25. Na5 Ba8 26. Bf1 Kd8
27. Nd2 Kc7 28. Nf3 Bh6 29. d4 f6 30. dxe5 dxe5 31. Bd3 Ndb6 32. Kg2 Nc3 33.
Nd2 Bxd2 34. Kf3 Nba4 35. Nb3 Bh6 36. h4 Kb6 37. g4 Bf8 38. Ke3 Nd1+ 39. Kd2
Nxf2 40. Ke3 Nxd3 41. Kxd3 Bc6 42. g5 fxg5 43. hxg5 Be7 44. Na5 Bxg5 45.
Nxc6 Kxc6 46. Kc2 Be7 47. Kd3 h5 48. Ke3 g5 49. Kf3 g4+ 50. Kg3 Nc3 51. Bb2
Nxe4+ 52. Kg2 Bxb4 53. Bxe5 Be1 54. Bh2 b4 55. Be5 b3 56. Bb2 Kd5 57. Kf1
Bg3 58. Kg2 h4 59. Kf1 h3 60. Kg1 h2+ 61. Kh1 Nf2+ 62. Kg2 h1=Q+ 63. Kxg3
Qg1+ 64. Kf4 g3 65. Kf3 g2 66. Bf6 Nd3 67. Bh4
{Black ran out of time and White has no material to mate}
1/2-1/2

[Event "ICCopen2017"]
[Site "Internet Chess Club"]
[Date "2017.03.25"]
[Round "3"]
[White "VrloJakMK"]
[Black "kingaj13"]
[Result "1-0"]
[ICCResult "Black forfeits on time"]
[WhiteElo "2057"]
[BlackElo "1704"]
[Opening "QGD semi-Slav"]
[ECO "D43"]
[NIC "SL.06"]
[Time "14:28:59"]
[TimeControl "180+0"]

1. d4 e6 2. c4 d5 3. Nc3 c6 4. Nf3 Nf6 5. g3 Nbd7 6. Bg2 Bb4 7. O-O O-O 8.
Qc2 Re8 9. Rd1 a6 10. Bf4 h6 11. Rac1 Bf8 12. Na4 g6 13. c5 Bg7 14. Nd2 Nh5
15. Be3 f5 16. Nf3 Nhf6 17. h4 Ne4 18. Nc3 Rf8 19. Ne1 g5 20. hxg5 hxg5 21.
Nxe4 fxe4 22. Qd2 Bf6 23. Bh3 Kf7 24. Bg4 Rh8 25. Nc2 Nf8 26. Kg2 Ng6 27.
Rh1 Rxh1 28. Rxh1 Bd7 29. Rh5 Qe7 30. Bxg5 Rh8 31. Rxh8 Nxh8 32. Bxf6 Qxf6
33. Qf4 Qxf4 34. gxf4 Kf6 35. e3 Ng6 36. f3 Nh4+ 37. Kg3 Nf5+ 38. Bxf5 exf5
39. Nb4 Be8 40. a3 Bh5 41. fxe4 fxe4 42. Kh4 Bd1 43. Na2 Kf5 44. Nc3 Bc2 45.
Ne2 a5 46. Ng3+ Kf6 47. Kh5 Bd1+ 48. Kh4 Bf3 49. Nh5+ Kg6 50. Ng3 a4 51. Nf1
Be2 52. Nd2 Bd1 53. Nb1 Bc2 54. Nc3 Kf5 55. Kh5 Bb3 56. Kh6 Kf6 57. Ne2 Bd1
58. Ng3 Bf3 59. Kh7 Kf7 60. Nf5 Kf6 61. Nd6 Be2 62. Nxb7 Kf5 63. Nd8 Bb5 64.
Nf7 Kg4 65. Nd6 Kf3 66. f5 Kxe3 67. f6 Kxd4 68. f7 e3 69. Nf5+ Ke5 70. Nxe3
{Black forfeits on time}
1-0

[Event "ICCopen2017"]
[Site "Internet Chess Club"]
[Date "2017.03.25"]
[Round "3"]
[White "Bojack"]
[Black "Unico"]
[Result "1-0"]
[ICCResult "Black forfeits on time"]
[WhiteElo "1922"]
[BlackElo "2492"]
[Opening "Caro-Kann: classical, 6.h4"]
[ECO "B18"]
[NIC "CK.11"]
[Time "14:28:54"]
[TimeControl "180+0"]

1. e4 c6 2. d4 d5 3. Nc3 dxe4 4. Nxe4 Bf5 5. Ng3 Bg6 6. h4 h6 7. Nh3 e6 8.
Nf4 Bh7 9. Bc4 Nf6 10. O-O Bd6 11. Re1 O-O 12. c3 Re8 13. Qf3 Nbd7 14. Nfh5
Qa5 15. Nxf6+ Nxf6 16. Bxh6 Bxg3 17. Qxg3 Nh5 18. Qg5 Qxg5 19. Bxg5 Rac8 20.
Rad1 Rc7 21. Be2 Nf6 22. Bxf6 gxf6 23. Bd3 Bxd3 24. Rxd3 Kf8 25. Rg3 Ke7 26.
Ree3 Rh8 27. Rh3 f5 28. Kf1 Kf6 29. Ke2 Rcc8 30. Rh1 Rcg8 31. g3 Ke7 32. Rd1
Kd6 33. Kf3 Rg4 34. a4 a5 35. Re5 b6 36. Rde1 Rb8 37. Rh1 Rh8 38. Ree1 Rb8
39. b3 Rbg8 40. Rd1 Re4 41. Rhe1 Reg4 42. Rb1 f4 43. Re4 f5 44. Rxf4 R4g7
45. Ke2 Rh7 46. Rf3 Rg4 47. Rd3 Rb7 48. Kf3 Rbg7 49. Re3 R4g6 50. Rbe1 Rf6
51. Re5 Rg4 52. Rh1 Rh6 53. Rb1 Rf6 54. b4 axb4 55. Rxb4 Kc7 56. a5 bxa5 57.
Rxa5 Re4 58. Ra7+ Kd6 59. Rbb7 Kd5 60. Ra4 Kd6 61. Rc4 Re1 62. Rb6 Rf7 63.
Rbxc6+ Ke7 64. Rc7+ Kf6 65. Rxf7+ Kxf7 66. Rc7+ Kf6 67. c4 Rd1 68. Rd7 Rc1
69. c5 Rc3+ 70. Kg2 Rc4 71. Rd6 Ke7 72. h5 e5 73. dxe5 Rxc5 74. f4 Rc2+ 75.
Kh3 Kf7 76. Rd7+ Ke6 77. Rg7 Rc1 78. Rg5 Rh1+ 79. Kg2 Rc1 80. h6 Rc2+ 81.
Kh3 Rc1 82. Kg2 Rc2+ 83. Kf3 Rc3+ 84. Ke2 Rc2+ 85. Kd3 Rh2 86. Rg6+ Kd5 87.
Rd6+ Kc5 88. Ke3 Rh3 89. Kf3 Rxh6 90. Rxh6 Kd4 91. Rf6 Kc4 92. Rxf5 Kd4 93.
g4 Kd3 94. Rf6 Kd4 95. g5 Kd3 96. g6 Kc2 97. g7 Kd1 98. Rd6+ Ke1 99. e6 Kf1
100. e7 Kg1 101. Ra6 Kf1 102. Ra2 {Black forfeits on time} 1-0

[Event "ICCopen2017"]
[Site "Internet Chess Club"]
[Date "2017.03.25"]
[Round "3"]
[White "ural"]
[Black "shirovinster"]
[Result "1-0"]
[ICCResult "Black forfeits on time"]
[WhiteElo "2393"]
[BlackElo "1823"]
[Opening "Sicilian defense"]
[ECO "B20"]
[NIC "SI.48"]
[Time "14:29:15"]
[TimeControl "180+0"]

1. e4 c5 2. b3 Nc6 3. Bb2 e5 4. f4 d6 5. Qf3 Nf6 6. Bb5 Bd7 7. Ne2 Be7 8.
O-O O-O 9. c4 Nd4 10. Nxd4 cxd4 11. Bxd7 Qxd7 12. d3 Qg4 13. Nd2 Qxf3 14.
Nxf3 Ng4 15. fxe5 Ne3 16. Rf2 Ng4 17. Rc2 dxe5 18. c5 f6 19. b4 Ne3 20. Re2
a5 21. Ba3 axb4 22. Bxb4 Ra4 23. a3 Rfa8 24. Rc1 R4a6 25. h3 Rc6 26. Kh2
Rac8 27. Rb1 Bxc5 28. Bxc5 Rxc5 29. Rxb7 Rc3 30. a4 Rxd3 31. Ra2 Rd1 32. Kg3
Ra8 33. a5 Nc4 34. a6 Nd6 35. Rc7 Rb1 36. a7 d3 37. Nd2 Rb7 38. Rxb7 Nxb7
39. Nb3 Kf7 40. Kf3 Ke7 41. Ke3 Kd7 42. Kxd3 Kc6 43. Kc4 Kb6 44. Rb2 Rxa7
45. Nc5+ Kc7 46. Ne6+ Kd6 47. Nxg7 Nc5 48. Rd2+ Kc6 49. Nf5 Ra4+ 50. Kc3
Ra3+ 51. Kb2 {Black forfeits on time} 1-0

[Event "ICCopen2017"]
[Site "Internet Chess Club"]
[Date "2017.03.25"]
[Round "3"]
[White "devotional"]
[Black "Templar-Assasin"]
[Result "1/2-1/2"]
[ICCResult "Black ran out of time and White has no material to mate"]
[WhiteElo "2062"]
[BlackElo "2599"]
[Opening "Sicilian defense"]
[ECO "B40"]
[NIC "SI.43"]
[Time "14:28:36"]
[TimeControl "180+0"]

1. e4 c5 2. Nf3 e6 3. g3 Nc6 4. Bg2 Nf6 5. Qe2 e5 6. O-O Be7 7. Rd1 O-O 8.
c3 d6 9. d4 cxd4 10. cxd4 Bg4 11. Be3 exd4 12. Bxd4 Nxd4 13. Rxd4 Qb6 14.
Qd2 Rfe8 15. Nc3 Bf8 16. h3 Bxf3 17. Bxf3 Rac8 18. a3 g6 19. Rb4 Qc7 20. Qd4
Bg7 21. Qxa7 Rb8 22. Qb6 Qe7 23. Rd1 Red8 24. Rbd4 Ne8 25. R4d3 Bxc3 26.
Rxc3 Qe5 27. Rd5 Qf6 28. Rcd3 Rdc8 29. Qa7 Qxb2 30. Kg2 Qf6 31. Bg4 Qe7 32.
Bxc8 Rxc8 33. Qd4 Nf6 34. Rxd6 Kg7 35. e5 Ne8 36. e6+ Nf6 37. Rd7 Qxe6 38.
Rxb7 Qc6+ 39. Rf3 Qxb7 40. Qxf6+ Kg8 41. h4 Rc6 42. Qd8+ Kg7 43. Qd4+ Kg8
44. h5 Re6 45. Qd8+ Kg7 46. h6+ Kxh6 47. Qd4 Qc6 48. g4 Re4 49. g5+ Kxg5 50.
Rg3+ Kh5 51. Qd1+ Rg4+ 52. Kh3 f5 53. Rxg4 Kh6 54. Rh4+ Kg7 55. Qd4+ Qf6 56.
Qe5 Qxe5 57. Rxh7+ Kxh7 58. f4 Qc3+ 59. Kg2 Qxa3 60. Kf2 Kg7 61. Ke2 Qb4 62.
Kf3 Qxf4+ 63. Kxf4 Kf6 64. Kf3 g5 65. Kf2
{Black ran out of time and White has no material to mate}
1/2-1/2

[Event "ICCopen2017"]
[Site "Internet Chess Club"]
[Date "2017.03.25"]
[Round "3"]
[White "Nfurter"]
[Black "Rammstein"]
[Result "1-0"]
[ICCResult "Black checkmated"]
[WhiteElo "1720"]
[BlackElo "2072"]
[Opening "Sicilian: closed"]
[ECO "B23"]
[NIC "SI.44"]
[Time "14:30:02"]
[TimeControl "180+0"]

1. e4 c5 2. Nc3 e6 3. f4 a6 4. Nf3 Nc6 5. d3 d6 6. g3 g6 7. Bg2 Bg7 8. O-O
Nge7 9. Ne2 O-O 10. g4 d5 11. e5 f6 12. exf6 Bxf6 13. Ng3 Bg7 14. c3 e5 15.
Nxe5 Nxe5 16. fxe5 Rxf1+ 17. Bxf1 Bxe5 18. Qf3 Nc6 19. Bh6 Be6 20. Re1 Qh4
21. g5 Qg4 22. Bg2 Qxf3 23. Bxf3 Rd8 24. Kg2 Bf7 25. Bg4 Bg7 26. Bxg7 Kxg7
27. Re2 Kf8 28. Be6 Bxe6 29. Rxe6 Kf7 30. Rf6+ Kg7 31. Ne2 Rd7 32. Nf4 Ne5
33. Ne6+ Kh8 34. Rf8# {Black checkmated} 1-0

[Event "ICCopen2017"]
[Site "Internet Chess Club"]
[Date "2017.03.25"]
[Round "3"]
[White "Fighterman"]
[Black "kamalchandran"]
[Result "1-0"]
[ICCResult "Black checkmated"]
[WhiteElo "2467"]
[BlackElo "1778"]
[Opening "Scotch: Potter variation"]
[ECO "C45"]
[NIC "SO.05"]
[Time "14:29:36"]
[TimeControl "180+0"]

1. e4 e5 2. Nf3 Nc6 3. d4 exd4 4. Nxd4 Bc5 5. Nb3 Bb6 6. Nc3 d6 7. Qe2 Nf6
8. Bg5 h6 9. Be3 O-O 10. O-O-O Re8 11. f3 Be6 12. Kb1 Qe7 13. g4 a5 14. Bxb6
cxb6 15. Nd4 Nxd4 16. Rxd4 d5 17. e5 Qc5 18. Qd2 Nd7 19. f4 b5 20. f5 Nxe5
21. Be2 b4 22. Na4 Qc6 23. fxe6 Qxa4 24. Rxd5 Rxe6 25. Bb5 Nf3 26. Rd8+ Re8
27. Bxa4 Raxd8 28. Qf4 Nd2+ 29. Kc1 Re4 30. Qc7 Red4 31. Bb3 Nxb3+ 32. axb3
R8d7 33. Qb8+ Kh7 34. Qg3 Re7 35. Re1 Rxg4 36. Qd3+ g6 37. Rxe7 Rg1+ 38. Kd2
Rg2+ 39. Ke3 Rxh2 40. Rxf7+ Kg8 41. Qxg6+ Kh8 42. Qg7# {Black checkmated}
1-0

[Event "ICCopen2017"]
[Site "Internet Chess Club"]
[Date "2017.03.25"]
[Round "3"]
[White "JCT2000"]
[Black "StevieMcStiefel"]
[Result "1-0"]
[ICCResult "Black checkmated"]
[WhiteElo "1903"]
[BlackElo "1602"]
[Opening "French: Burn variation"]
[ECO "C11"]
[NIC "FR.05"]
[Time "14:29:55"]
[TimeControl "180+0"]

1. e4 e6 2. d4 d5 3. Nc3 Nf6 4. Bg5 dxe4 5. Nxe4 Be7 6. Nxf6+ Bxf6 7. Bxf6
Qxf6 8. Nf3 c5 9. c3 cxd4 10. Nxd4 O-O 11. Bd3 Rd8 12. Qc2 h6 13. O-O e5 14.
Nb5 Na6 15. Rad1 Bg4 16. f3 Bd7 17. Kh1 Nc5 18. Be2 Bc6 19. b4 Ne6 20. a4 a6
21. Na3 Rac8 22. Qb3 e4 23. fxe4 Qh4 24. Bf3 Rxd1 25. Rxd1 Rd8 26. Rxd8+
Qxd8 27. h3 Ng5 28. Qc2 Qe8 29. a5 Nxe4 30. Nc4 Ng3+ 31. Kh2 Bxf3 32. gxf3
Nh5 33. Qe4 Qb8+ 34. Kg2 Qg3+ 35. Kf1 Nf4 36. Qe8+ Kh7 37. Qe4+ Kg8 38. Qe8+
Kh7 39. Qe4+ Kg8 40. Ne3 Qxh3+ 41. Ke1 Qh1+ 42. Kd2 Qh2+ 43. Kc1 Ng6 44.
Qxb7 Kh7 45. Qxf7 Qg1+ 46. Kd2 Qxe3+ 47. Kxe3 Ne5 48. Qf5+ g6 49. Qxe5 h5
50. Qe7+ Kh6 51. f4 h4 52. Qxh4+ Kg7 53. Qe7+ Kh6 54. Qd6 Kh5 55. Qxa6 Kg4
56. Qf6 g5 57. Qxg5+ Kh3 58. Kf3 Kh2 59. Qg2# {Black checkmated} 1-0

[Event "ICCopen2017"]
[Site "Internet Chess Club"]
[Date "2017.03.25"]
[Round "3"]
[White "ziggyalbert"]
[Black "PCB1"]
[Result "0-1"]
[ICCResult "White checkmated"]
[WhiteElo "1307"]
[BlackElo "1801"]
[Opening "English opening"]
[ECO "A10"]
[NIC "EO.22"]
[Time "14:30:58"]
[TimeControl "180+0"]

1. c4 d6 2. Nc3 e5 3. g3 f5 4. Bg2 Nf6 5. d3 Be7 6. Bg5 O-O 7. Nf3 Be6 8.
O-O c6 9. d4 e4 10. Nd2 h6 11. Bf4 g5 12. Be3 d5 13. cxd5 cxd5 14. Nb3 b6
15. a3 Bd6 16. Qc1 Nh5 17. Bd2 f4 18. Nb5 Na6 19. Nxd6 Qxd6 20. e3 f3 21.
Bh1 Rac8 22. Qd1 Bh3 23. Re1 Qd7 24. Bc3 Nf6 25. Nd2 Qg4 26. Rc1 Qh5 27. Nf1
Bxf1 28. Kxf1 Qh3+ 29. Kg1 Ng4 30. Bxf3 Qxh2+ 31. Kf1 Qxf2# {White
checkmated} 0-1

[Event "ICCopen2017"]
[Site "Internet Chess Club"]
[Date "2017.03.25"]
[Round "3"]
[White "DBbeatME"]
[Black "grancaruso"]
[Result "0-1"]
[ICCResult "White checkmated"]
[WhiteElo "1350"]
[BlackElo "1815"]
[Opening "Alekhine's defense: Scandinavian variation"]
[ECO "B02"]
[NIC "AL.10"]
[Time "14:32:45"]
[TimeControl "180+0"]

1. e4 Nf6 2. Nc3 d5 3. e5 d4 4. exf6 dxc3 5. fxg7 cxd2+ 6. Bxd2 Bxg7 7. Rb1
Be6 8. Nf3 Bxa2 9. Ra1 Bd5 10. c3 Nc6 11. Be2 Qd7 12. O-O O-O 13. Qc2 Rfd8
14. c4 Be6 15. Be3 Bf5 16. Qc1 Qe6 17. Ng5 Qg6 18. Nf3 Bg4 19. Re1 Bf6 20.
Bd2 Nd4 21. Nxd4 Bxd4 22. Bf1 e6 23. Be3 Bxe3 24. Qxe3 Qf6 25. f3 Bf5 26.
Qf4 Qd4+ 27. Qxd4 Rxd4 28. b3 a6 29. g4 Bg6 30. h3 Rad8 31. Bg2 Rd2 32. f4
c6 33. h4 Bc2 34. f5 Bxb3 35. fxe6 fxe6 36. Rac1 R8d3 37. Bf1 Rg3+ 38. Kh1
Rxg4 39. Be2 Rxh4+ 40. Kg2 Re4 41. Kf2 Rb2 42. Rg1+ Kf8 43. Rce1 Bxc4 44.
Kf3 Rexe2 45. Rxe2 Bxe2+ 46. Ke3 Bc4 47. Kd4 Bd5 48. Ke5 Kf7 49. Kd6 Rf2 50.
Ra1 h5 51. Ra3 h4 52. Rh3 Rf4 53. Ke5 a5 54. Kxf4 b5 55. Rxh4 a4 56. Ke3 Ke7
57. Kd4 Kd6 58. Rh2 c5+ 59. Kc3 b4+ 60. Kb2 a3+ 61. Kb1 b3 62. Rh3 Kc6 63.
Rc3 Kb5 64. Ka1 Kb4 65. Rh3 b2+ 66. Kb1 Be4+ 67. Ka2 b1=Q# {White
checkmated} 0-1

[Event "ICCopen2017"]
[Site "Internet Chess Club"]
[Date "2017.03.25"]
[Round "4"]
[White "majerle"]
[Black "RdgMx"]
[Result "0-1"]
[ICCResult "White resigns"]
[WhiteElo "1577"]
[BlackElo "1778"]
[Opening "French: Rubinstein variation"]
[ECO "C10"]
[NIC "FR.07"]
[Time "14:38:53"]
[TimeControl "180+0"]

1. e4 e6 2. d4 d5 3. Nc3 dxe4 4. Nxe4 Nd7 5. Nf3 Ngf6 6. Nxf6+ Nxf6 7. Bd3
Be7 8. O-O O-O 9. Bf4 b6 10. Re1 Bb7 11. c4 Rc8 12. Qa4 Bxf3 13. gxf3 Qxd4
{White resigns}
0-1

[Event "ICCopen2017"]
[Site "Internet Chess Club"]
[Date "2017.03.25"]
[Round "4"]
[White "olivermx"]
[Black "BeerMeUpScotty"]
[Result "0-1"]
[ICCResult "White resigns"]
[WhiteElo "770"]
[BlackElo "1562"]
[Opening "Sicilian"]
[ECO "B50"]
[NIC "SI.01"]
[Time "14:40:05"]
[TimeControl "180+0"]

1. e4 c5 2. Nf3 d6 3. c3 Nf6 4. Qc2 e6 5. Bb5+ Bd7 6. Bxd7+ Nbxd7 7. O-O Be7
8. d3 O-O 9. Bg5 Rc8 10. Bxf6 Nxf6 11. Nbd2 b5 12. Rfe1 Qb6 13. Nf1 a5 14.
Ng3 b4 15. cxb4 cxb4 16. b3 Rxc2 {White resigns} 0-1

[Event "ICCopen2017"]
[Site "Internet Chess Club"]
[Date "2017.03.25"]
[Round "4"]
[White "checkmatiste"]
[Black "Tasmaniandevil"]
[Result "0-1"]
[ICCResult "White resigns"]
[WhiteElo "1560"]
[BlackElo "1993"]
[Opening "Queen's pawn, Mason variation"]
[ECO "D00"]
[NIC "QP.08"]
[Time "14:38:56"]
[TimeControl "180+0"]

1. d4 d5 2. Bf4 Nf6 3. e3 e6 4. Bd3 c5 5. c3 Nc6 6. Nd2 Bd6 7. Bg3 O-O 8.
Ngf3 b6 9. Qe2 Bb7 10. O-O-O Rc8 11. Kb1 c4 12. Bc2 b5 13. Bxd6 Qxd6 14. Ng5
b4 15. Qf3 bxc3 16. bxc3 Rb8 17. Ka1 Bc8 18. Nxh7 Nxh7 19. Bxh7+ Kxh7 20.
Qh5+ Kg8 21. Nf3 Qa3 22. Rb1 Qxc3+ {White resigns} 0-1